 Dungeon Crawl Stone Soup version 0.31-a0-1620-gcbf77bbcfc (webtiles) character file.

Game seed: 1710866566433871272

187 Dittersdorf the Trooper (level 5, -6/34 HPs)
             Began as a Gargoyle Fighter on Jan 11, 2024.
             Incinerated by a bombardier beetle (7 damage)
             ... with a burning spray
             ... on level 3 of the Dungeon.
             The game lasted 00:03:02 (2393 turns).

Dittersdorf the Trooper (Gargoyle Fighter)          Turns: 2393, Time: 00:03:02

Health: -6/34      AC: 16    Str: 22    XL:     5   Next: 66%
Magic:  5/5        EV:  8    Int:  8    God:
Gold:   85         SH:  4    Dex:  9    Spells: 4/4 levels left

rFire   . . .        a - +0 flail
rCold   . . .        c - +0 buckler
rNeg    + . .        i - +0 chain mail
rPois   ∞            (no helmet)
rElec   +            l - +0 cloak
rCorr   .            (no gloves)
SInv    .            n - +0 pair of boots
Will    .....        b - amulet of faith Stlth
                     (no ring)
HPRegen 0.25/turn    (no ring)
MPRegen 0.09/turn

%: faith
@: on fire, glowing
A: sickness immunity, AC +4, negative energy resistance 1, electricity
resistance, torment resistance 1, petrification resistance
a: no special abilities


You were on level 3 of the Dungeon.
You visited 1 branch of the dungeon, and saw 3 of its levels.

You collected 85 gold pieces.

Inventory:

Hand Weapons
 a - a +0 flail (weapon)
Missiles
 j - 16 poisoned darts (quivered)
Armour
 c - a +0 buckler (worn)
 i - a +0 chain mail (worn)
 l - a +0 cloak (worn)
 n - a +0 pair of boots (worn)
Jewellery
 b - an amulet of faith (around neck)
Scrolls
 e - 2 scrolls of noise {unknown}
 g - a scroll of vulnerability {unknown}
 h - 3 scrolls of identify {unknown}
 m - a scroll of blinking {unknown}
Potions
 d - 2 potions of might
 f - 2 potions of mutation {unknown}
 k - 4 potions of curing {unknown}


   Skills:
 + Level 4.4 Fighting
 + Level 3.2 Maces & Flails
 + Level 4.4 Armour
 + Level 4.4 Shields


You had 4 spell levels left.
You didn't know any spells.
Your spell library contained the following spells:

 Spells                   Type           Power      Damage    Failure   Level
 Necrotise                Necr           0%         1d4       97%         1
 Vampiric Draining        Necr           0%         2d6       100%        3
 Martyr's Knell           Necr/Summ      0%         N/A       100%        4
 Curse of Agony           Necr           0%         N/A       100%        5


Dungeon Overview and Level Annotations

Branches:
Dungeon (3/15)

Altars:
Ru

Shops:
D:1 (   D:2 [


Innate Abilities, Weirdness & Mutations

You are immune to sickness and miasma.
Your stone body is resilient. (AC +4)
You are immune to poison.
You resist negative energy. (rN+)
You are resistant to electric shocks. (rElec)
You are resistant to unholy torment.
You are immune to petrification.


Message History

The black bear claws you but does no damage.
A bombardier beetle comes into view.
You barely miss the black bear.
The black bear is almost dead.
You block the black bear's attack. The black bear barely misses you.
You block the black bear's attack. The black bear bites you!
The black bear claws you but does no damage.
The black bear closely misses you.
You sock the black bear!
You kill the black bear!
The bombardier beetle sprays incendiary fluid at you.
The burning spray hits you.
You are covered in liquid fire!
Your Maces & Flails skill increases to level 3!
You have reached level 5!
You shake off some of the fire as you move.
The liquid fire burns you!
* * * LOW HITPOINT WARNING * * *
Throw: 18 darts (poison)
Press: ? - help, Q - select action Shift-Dir - straight line, f - bombardier beetle
Aim: a bombardier beetle (65% to hit)
You throw a poisoned dart.
The poisoned dart hits the bombardier beetle.
The bombardier beetle is poisoned.
The liquid fire burns you!
* * * LOW HITPOINT WARNING * * *
Throw: 17 darts (poison)
Press: ? - help, Q - select action Shift-Dir - straight line, f/p - bombardier beetle
Aim: a bombardier beetle (lightly wounded, poisoned, 65% to hit)
You throw a poisoned dart.
The poisoned dart hits the bombardier beetle.
The bombardier beetle looks even sicker.
The bombardier beetle is lightly wounded.
The liquid fire burns you!
* * * LOW HITPOINT WARNING * * *
You block the bombardier beetle's attack.
You hit the bombardier beetle.
The bombardier beetle is severely wounded.
The liquid fire burns you!
You die...

.#.#...........
#.#.#
.#.#.##.....###
#.#.# ####
.#.#.######+# #.#.#
###... .#.#.# #.#
..... .#.#.#
######.#######...
.#'#.##
#../.........+...
....†.# #
#......#######...
......#
###..###......#
#... ......#
#.....B@......#
#### ......#
#.............#
......#
#.............####
## .#.####
#...(.........'..##
#. .#.#
#.............##.)#
#. ....
+(.......?...####.#
##. #(......####.#
#.## #.. #......)#
#.# #..###.# #.
##...#.#


You could see a bombardier beetle (very poisoned).

Vanquished Creatures
  A black bear (D:3)
  4 adders
  2 dart slugs (D:1)
  An orc (D:3)
  6 ball pythons
  9 endoplasms
  2 giant cockroaches
  6 hobgoblins
  4 jackals
  A quokka (D:1)
  2 bats (D:1)
  3 frilled lizards
  4 goblins (D:1)
  4 kobolds
  7 rats
56 creatures vanquished.

Notes
Turn   | Place    | Note
-------+----------+-------------------------------------------
     0 | D:1      | Dittersdorf the Gargoyle Fighter began the quest for the
                  | Orb.
     0 | D:1      | Reached XP level 1. HP: 14/14 MP: 1/1
   154 | D:1      | Reached XP level 2. HP: 19/19 MP: 2/2
   549 | D:1      | Found Urut Xit's Weapon Shop.
   599 | D:1      | Reached XP level 3. HP: 23/23 MP: 3/3
  1601 | D:2      | Found a faded altar of an unknown god.
  1781 | D:2      | Reached XP level 4. HP: 29/29 MP: 4/4
  1821 | D:2      | Found a sacrificial altar of Ru.
  1899 | D:2      | Found Ybbe's Antique Armour Shoppe.
  2373 | D:3      | Noticed a black bear
  2389 | D:3      | Killed a black bear
  2390 | D:3      | Reached XP level 5. HP: 10/34 MP: 5/5
  2392 | D:3      | HP: 1/34 [burnt (2)]
  2393 | D:3      | Incinerated by a bombardier beetle

Illustrated notes

Levels and vault maps discovered:
D:1:      dpeg_arrival_morbid_curiosity, layout_basic, serial_shops,
          nicolae_shop_back_alley_shop, serial_forest,
          infiniplex_forest_clump_curved, infiniplex_forest_end_3,
          infiniplex_forest_clump_C, infiniplex_forest_end_3,
          infiniplex_forest_clump_curved, infiniplex_forest_clump_curved,
          infiniplex_forest_clump_small, infiniplex_forest_corner_2
D:2:      layout_rooms, serial_shops, nicolae_shop_hallway_plus,
          hellmonk_ecumenical_altar_lost_god, basic_altar,
          kennysheep_generic_room_13
D:3:      layout_basic

Skill      XL: |  1  2  3  4 |
---------------+-------------+-----
Shields        | 4 |  4.4
Fighting       | 4 |  4.4
Armour         | 4 |  4.4
Maces & Flails | 3 |  3.2

Action                     |  1- 3 |  4- 6 || total
---------------------------+-------+-------++-------
  Melee: Flail             |   529 |    65 ||   594
  Throw: Dart              |       |     5 ||     5
 Armour: Scale mail        |    50 |       ||    50
         Chain mail        |    39 |    63 ||   102
  Dodge: Dodged            |    76 |    49 ||   125
  Block: Buckler           |    33 |    19 ||    52

Table legend: (Time is in decaauts)
 A = Elapsed time spent in this place.
 B = Non-inter-level travel time spent in this place.
 C = Inter-level travel time spent in this place.
 D = Time resting spent in this place.
 E = Time spent auto-exploring this place.
 F = Levels seen in this place.
 G = Mean time per level.
                   A        B        C        D        E       F      G
               +--------+--------+--------+--------+--------+-----+--------+
         Total |   2579 |   2467 |    112 |      0 |   1434 |   3 |  859.7 |
       Dungeon |   2579 |   2467 |    112 |      0 |   1434 |   3 |  859.7 |
               +--------+--------+--------+--------+--------+-----+--------+

Top non-repeatable levels by time:
     D:1: 1757 daAuts
     D:2: 548 daAuts
     D:3: 273 daAuts
